Map: Ulzaan

Players

Face

  • Race: Zerg Zerg
  • League: Master
  • Spawn Location: 9:00

FroggyStylez

  • Race: Protoss Protoss
  • League: Diamond
  • Spawn Location: 11:00

OpuS

  • Race: Protoss Protoss
  • League: Diamond
  • Spawn Location: 3:00

Sketchaphone

  • Race: Zerg Zerg
  • Spawn Location: 1:00

VOD

Have the link to the VOD?

Description

Time

  • Played on: Dec. 29, 2018, 8:48 p.m.
  • Length: 13:17
Show
View Real Time Build Order
Export as new Build Order

Face Zerg 

Build Orders: Hatch First, Lurkers 

Get SALT Encoding   

  12  0:01  Drone  
  13  0:16  Overlord  
  13  0:19  Drone  
  14  0:35  Drone x2  
  16  0:39  Drone  
  17  0:55  Hatchery  
  16  0:58  Drone  
  16  1:02  Drone  
  18  1:04  Extractor  
  17  1:18  Spawning Pool  
  17  1:21  Drone  
  17  1:24  Drone  
  18  1:36  Drone  
  19  2:04  Overlord  
  19  2:10  Zergling x2  
  19  2:11  Queen x2, Zergling x4  
  26  2:17  Drone  
  26  2:21  Drone  
  28  2:25  Metabolic Boost  
  28  2:33  Baneling Nest  
  28  2:36  Drone  
  28  2:37  Drone  
  29  2:40  Drone  
  30  2:46  Drone  
  31  3:01  Hatchery  
  30  3:08  Drone  
  30  3:10  Overlord  
  31  3:23  Zergling x10  
  36  3:32  Zergling x4  
  36  3:33  Zergling x2  
  39  3:35  Baneling x3  
  39  3:36  Baneling  
  39  3:43  Zergling x4  
  41  3:50  Drone x3  
  44  3:57  Overlord  
  44  4:04  Overlord  
  44  4:10  Spine Crawler  
  44  4:16  Spine Crawler  
  42  4:21  Zergling x6  
  42  4:22  Zergling x4  
  47  4:40  Drone x7  
  47  4:44  Overlord  
  51  4:57  Drone x4  
  51  4:58  Overlord  
  51  5:12  Drone x4  
  55  5:15  Extractor  
  55  5:16  Extractor  
  55  5:19  Roach Warren, Drone  
  55  5:21  Evolution Chamber  
  52  5:22  Drone  
  52  5:23  Drone  
  55  5:28  Drone x2  
  55  5:29  Drone  
  57  5:35  Lair  
  57  5:42  Queen  
  57  5:46  Drone x2  
  57  5:47  Drone  
  62  5:53  Overlord  
  62  5:55  Zerg Missile Weapons Level 1  
  62  5:57  Drone x2  
  62  5:59  Drone  
  62  6:02  Drone x2  
  67  6:07  Drone x3  
  67  6:09  Drone  
  71  6:18  Drone  
  71  6:19  Drone x2  
  71  6:20  Extractor  
  73  6:28  Drone x6  
  79  6:34  Overseer  
  79  6:40  Drone x2  
  79  6:41  Overlord x3  
  79  6:42  Overlord  
  81  6:56  Extractor  
  81  6:57  Extractor  
  79  7:03  Drone x3  
  79  7:04  Drone x3  
  85  7:12  Glial Reconstitution  
  85  7:15  Hydralisk Den  
  84  7:27  Hatchery  
  83  7:30  Queen  
  83  7:35  Hatchery  
  84  7:37  Baneling x2  
  84  7:38  Baneling x2  
  84  7:46  Muscular Augments  
  84  7:48  Spore Crawler  
  84  7:49  Spore Crawler  
  82  7:51  Spore Crawler  
  82  7:52  Spore Crawler  
  82  7:54  Spore Crawler, Drone x2  
  82  7:56  Spore Crawler  
  78  8:07  Baneling  
  78  8:08  Baneling x2, Hydralisk  
  78  8:09  Hydralisk x8  
  96  8:16  Overlord x4  
  96  8:17  Overlord x2  
  96  8:33  Zerg Missile Weapons Level 2  
  95  8:37  Queen  
  95  8:39  Zergling x4  
  95  8:40  Zergling x14  
  106  8:41  Lurker Den  
  106  8:44  Queen  
  106  8:46  Hydralisk x2  
  106  8:47  Hydralisk x3  
  117  9:02  Hydralisk x5  
  119  9:03  Hydralisk  
  119  9:08  Grooved Spines  
  129  9:10  Overseer x2  
  129  9:14  Zergling x2  
  129  9:15  Zergling x6  
  132  9:32  Hydralisk  
  132  9:33  Hydralisk x5  
  139  9:40  Zergling x2  
  139  9:41  Zergling x12  
  139  9:42  Zergling x2  
  146  9:52  Zergling x2  
  147  9:53  Zergling x14  
  154  10:04  Spore Crawler  
  152  10:13  Overlord x2  
  152  10:14  Overlord x3  
  149  10:20  Overseer  
  149  10:25  Baneling x5  
  149  10:26  Baneling x2  
  149  10:31  Zergling x18  
  149  10:32  Zergling x6  
  154  10:44  Lurker x5  
  154  10:45  Lurker x3, Hydralisk  
  164  10:50  Spore Crawler  
  164  10:51  Spore Crawler, Drone  
  164  10:53  Spore Crawler  
  164  10:54  Baneling x2  
  164  10:55  Baneling x3  
  164  10:56  Baneling  
  163  11:11  Zergling x4  
  163  11:12  Zergling x18  
  149  11:27  Hydralisk  
  149  11:28  Hydralisk x4  
  155  11:34  Hydralisk  
  155  11:35  Hydralisk x2  
  161  11:43  Drone x2  
  161  11:44  Drone  
  161  11:47  Extractor  
  162  11:48  Extractor  
  161  11:58  Overseer x2  
  161  11:59  Overseer x2  
  149  12:03  Pneumatized Carapace  
  143  12:20  Drone x3  
  143  12:21  Infestation Pit, Drone x3  
  143  12:22  Drone x5  
  152  12:23  Drone x2  
  141  12:31  Hydralisk  
  141  12:32  Hydralisk x3  
  146  12:49  Zergling x2  
  146  12:50  Zergling x26  
Show
View Real Time Build Order
Export as new Build Order

FroggyStylez Protoss 

Build Orders:  

Get SALT Encoding   

  12  0:01  Probe  
  13  0:13  Probe  
  14  0:18  Pylon  
  14  0:24  Probe  
  15  0:32  Probe  
  15  0:38  Gateway  
  15  0:40  Probe  
  17  0:51  Probe  
  17  0:52  Assimilator  
  18  1:00  Pylon  
  18  1:03  Probe  
  19  1:16  Probe  
  20  1:23  Assimilator  
  20  1:26  Cybernetics Core  
  20  1:28  Probe  
  21  1:40  Probe, Gateway  
  22  1:52  Probe  
  22  1:53  Stalker, Pylon  
  23  2:04  Probe  
  26  2:16  Probe  
  27  2:23  Stalker  
  27  2:27  Stalker  
  27  2:28  Probe  
  32  2:46  Forge, Warp Gate  
  32  2:53  Stalker  
  34  3:07  Protoss Ground Weapons Level 1  
  34  3:21  Nexus  
  34  3:31  Stalker x2  
  38  3:42  Twilight Council  
  38  3:50  Pylon  
  38  4:02  Photon Cannon  
  38  4:08  Stalker  
  40  4:11  Stalker  
  40  4:15  Probe  
  43  4:22  Pylon  
  43  4:35  Gateway  
  43  4:39  Probe x2, Protoss Ground Armor Level 1  
  45  4:51  Probe  
  46  4:56  Blink  
  46  4:58  Probe  
  47  5:03  Probe  
  47  5:06  Pylon  
  48  5:10  Pylon  
  48  5:11  Probe  
  49  5:15  Probe  
  50  5:23  Probe  
  51  5:30  Stalker  
  51  5:31  Stalker  
  51  5:32  Probe  
  51  5:35  Probe  
  57  5:40  Photon Cannon  
  57  5:44  Probe  
  58  5:51  Stalker  
  58  5:54  Probe  
  58  5:56  Probe  
  62  5:58  Assimilator  
  62  6:00  Assimilator  
  62  6:06  Probe  
  62  6:09  Probe  
  64  6:18  Stalker x3  
  70  6:25  Probe x2  
  72  6:29  Protoss Shields Level 1  
  72  6:30  Pylon  
  72  6:37  Probe x2  
  74  6:48  Stalker  
  74  6:49  Stalker x2, Probe x2  
  82  7:14  Stalker x3  
  88  7:38  Gateway  
  88  7:39  Gateway  
  88  7:41  Gateway  
  88  7:47  Nexus  
  88  7:51  Assimilator  
  88  7:55  Pylon  
  88  8:06  Pylon  
  88  8:12  Protoss Ground Armor Level 2  
  88  8:13  Assimilator  
  88  8:17  Pylon, Probe  
  88  8:18  Probe  
  88  8:19  Photon Cannon  
  90  8:21  Photon Cannon  
  90  8:24  Photon Cannon  
  90  8:30  Probe  
  91  8:39  Stalker x5  
  78  9:18  Stalker  
  78  9:19  Stalker x5  
  81  9:35  Photon Cannon  
  75  9:39  Photon Cannon  
  75  9:41  Photon Cannon  
  75  9:43  Photon Cannon  
  73  9:51  Probe x2  
  73  9:52  Probe  
  76  9:53  Photon Cannon  
  76  9:57  Photon Cannon  
  76  10:03  Protoss Shields Level 2  
  62  10:10  Probe x2  
  60  10:17  Stalker x3  
  60  10:18  Stalker  
  68  10:50  Stalker x5  
  68  10:55  Stalker  
  80  11:12  Probe x3  
  80  11:15  Stalker x3  
  89  11:24  Probe  
  90  12:06  Robotics Facility  
  88  12:08  Gateway  
  86  12:17  Stalker x6  
  70  12:40  Stalker  
  70  12:41  Stalker x3  
  70  12:42  Stalker x2  
  76  13:14  Stalker x2  
  76  13:15  Stalker x5  
Show
View Real Time Build Order
Export as new Build Order

OpuS Protoss 

Build Orders:  

Get SALT Encoding   

  12  0:01  Probe  
  13  0:13  Probe  
  14  0:20  Pylon  
  14  0:25  Probe  
  15  0:35  Assimilator  
  15  0:38  Probe  
  16  0:52  Gateway  
  16  0:55  Probe  
  17  1:07  Probe  
  17  1:09  Pylon  
  18  1:19  Probe  
  19  1:35  Probe  
  20  1:48  Probe  
  20  1:52  Gateway  
  20  1:53  Cybernetics Core  
  21  1:55  Zealot  
  21  1:56  Probe  
  24  2:17  Pylon  
  24  2:22  Zealot  
  26  2:31  Shield Battery  
  26  2:34  Gateway  
  26  2:38  Shield Battery  
  26  2:43  Sentry  
  27  2:47  Shield Battery  
  27  2:52  Probe  
  28  3:00  Probe  
  28  3:01  Assimilator  
  29  3:10  Probe  
  29  3:14  Sentry  
  29  3:16  Sentry  
  34  3:30  Stalker, Warp Gate  
  36  3:42  Stalker  
  38  4:10  Pylon  
  38  4:15  Pylon  
  38  4:25  Adept x3  
  44  4:41  Shield Battery  
  44  4:51  Shield Battery  
  42  4:59  Pylon  
  40  5:03  Nexus  
  40  5:24  Twilight Council  
  40  5:27  Stalker  
  40  5:28  Stalker x2  
  46  5:38  Gateway  
  46  5:41  Charge  
  46  5:56  Gateway  
  46  6:14  Robotics Facility  
  46  6:18  Probe x2  
  48  6:30  Probe x2  
  50  6:42  Probe x2  
  52  6:53  Pylon  
  52  6:54  Probe x2  
  54  7:06  Probe x2  
  54  7:10  Stalker x3  
  54  7:11  Stalker  
  62  7:21  Probe x2  
  64  7:33  Probe  
  64  7:34  Sentry x2  
  64  7:35  Sentry x2  
  73  7:37  Probe  
  73  7:44  Observer  
  75  7:45  Probe  
  75  7:49  Probe  
  77  7:57  Probe  
  78  8:00  Zealot x3  
  78  8:01  Zealot  
  78  8:04  Probe  
  78  8:08  Pylon  
  78  8:09  Pylon  
  78  8:11  Pylon  
  78  8:13  Pylon  
  78  8:20  Assimilator  
  78  8:23  Gateway  
  78  8:24  Assimilator  
  77  8:40  Zealot  
  77  8:41  Zealot x2  
  56  9:11  Zealot x2  
  56  9:12  Zealot x2  
  56  9:15  Probe x2  
  56  9:18  Gateway  
  50  9:27  Probe  
  49  9:37  Probe  
  40  9:39  Probe  
  40  9:42  Zealot x3  
  40  9:43  Zealot  
  45  9:49  Probe  
  45  9:51  Probe  
  40  10:05  Zealot x4  
  44  10:14  Probe x2  
  46  10:34  Dark Shrine  
  46  10:57  Gateway  
  46  11:01  Gateway  
  46  11:04  Probe x2  
  48  11:05  Nexus  
  48  11:06  Zealot x2  
  52  11:16  Probe  
  16  11:46  Dark Templar x2  
  16  11:47  Dark Templar x3  
  23  12:00  Dark Templar  
Show
View Real Time Build Order
Export as new Build Order

Sketchaphone Zerg 

Build Orders: Hatch First, Muta Ling Bane 

Get SALT Encoding   

  12  0:04  Drone  
  13  0:12  Overlord  
  13  0:18  Drone  
  14  0:31  Drone x2  
  16  0:36  Drone  
  17  1:00  Drone  
  17  1:02  Hatchery  
  17  1:03  Drone  
  18  1:09  Drone  
  19  1:19  Overlord  
  19  1:36  Drone  
  20  1:43  Drone  
  21  1:51  Spawning Pool  
  20  1:57  Drone  
  21  2:03  Hatchery  
  21  2:05  Drone, Extractor  
  20  2:23  Overlord  
  20  2:29  Drone  
  21  2:34  Drone  
  22  2:40  Queen, Drone  
  22  2:41  Zergling x2  
  22  2:42  Zergling x2  
  27  2:47  Drone  
  29  2:51  Drone  
  29  2:52  Queen  
  29  2:58  Spine Crawler  
  30  3:11  Zergling x2  
  31  3:16  Queen  
  33  3:22  Baneling Nest  
  33  3:27  Lair  
  31  3:30  Overlord  
  31  3:31  Drone x2  
  33  3:41  Drone  
  33  3:45  Queen  
  33  3:48  Drone  
  37  3:50  Zergling x4  
  39  4:04  Drone x4  
  39  4:08  Overlord  
  39  4:09  Overlord  
  43  4:14  Extractor  
  42  4:19  Spore Crawler  
  42  4:22  Pneumatized Carapace  
  41  4:34  Drone  
  42  4:42  Extractor  
  42  4:43  Drone x9  
  50  4:45  Extractor  
  50  4:47  Metabolic Boost  
  49  5:04  Drone  
  50  5:10  Drone x7  
  57  5:26  Overlord x2  
  57  5:35  Spore Crawler  
  57  5:37  Spore Crawler  
  55  5:54  Drone  
  55  5:55  Drone  
  57  6:01  Spire  
  57  6:02  Overlord x2  
  56  6:04  Extractor  
  56  6:05  Drone x2  
  56  6:09  Overlord  
  57  6:12  Overlord x2  
  57  6:25  Hatchery, Drone  
  56  6:26  Overlord, Drone x4  
  61  6:53  Drone x3  
  61  6:54  Drone x3  
  66  6:56  Extractor  
  66  6:58  Centrifical Hooks  
  66  7:04  Evolution Chamber  
  65  7:12  Zergling x4  
  65  7:14  Zerg Flyer Weapons Level 1  
  67  7:16  Mutalisk x5  
  67  7:17  Mutalisk  
  67  7:18  Drone  
  80  7:24  Drone x5  
  80  7:25  Overlord  
  80  7:28  Drone x2  
  80  7:29  Mutalisk  
  89  7:37  Zerg Ground Armor Level 1  
  89  7:44  Queen x2  
  93  7:55  Mutalisk  
  93  7:56  Mutalisk x3  
  93  7:57  Mutalisk  
  103  8:06  Mutalisk x3  
  103  8:07  Mutalisk  
  111  8:13  Baneling  
  111  8:14  Baneling x5  
  111  8:17  Overlord  
  111  8:22  Overlord  
  111  8:36  Overlord x2, Mutalisk x4  
  119  8:54  Mutalisk x3  
  125  8:57  Mutalisk x2  
  129  9:04  Mutalisk  
  123  9:24  Mutalisk x3  
  123  9:30  Corruptor  
  129  9:32  Zergling x8  
  129  9:36  Zergling x18  
  135  9:43  Zerg Flyer Armor Level 1  
  135  9:45  Infestation Pit  
  134  9:49  Overlord x2  
  134  9:50  Zergling x8  
  134  9:51  Overlord  
  128  10:09  Mutalisk x4  
  128  10:11  Zergling x8  
  124  10:52  Corruptor x3  
  124  10:53  Corruptor x3  
  124  10:54  Zergling x6  
  139  11:03  Mutalisk  
  92  11:36  Mutalisk x7  
  92  11:39  Zergling x10  
  112  11:40  Zergling x10  
  108  11:52  Overseer  
  106  12:00  Baneling  
  106  12:01  Baneling x15  
  102  12:13  Drone x2  
  101  12:29  Mutalisk  
  95  12:30  Mutalisk x3  
  95  12:32  Zergling x18  
  108  12:44  Mutalisk x3  
Tags
 
Add a new tag
Caveats
  • Supply blocks, unpowered buildings, or Contaminate may cause inaccurate times.
  • Supply counts are checked every 10 seconds.